 Dungeon Crawl Stone Soup version 0.30-a0-743-gbfdf073431 (webtiles) character file.

Game seed: 5142615734382824149

127580 Valamore the Fencer (level 16, -1/118 (127) HPs)
             Began as a Demonspawn Fighter on Feb 8, 2023.
             Was an Initiate of Yredelemnul.
             Slain by a spectral 27-headed Lernaean hydra (5 damage)
             ... animated by the player character
             ... on level 4 of the Swamp.
             The game lasted 00:47:14 (24979 turns).

Valamore the Fencer (Demonspawn Fighter)           Turns: 24979, Time: 00:47:15

HP:   -1/118 (127)  AC: 19    Str: 19    XL:     16   Next: 46%
MP:   21/25         EV: 20    Int: 11    God:    Yredelemnul [......]
Gold: 2265          SH:  6    Dex: 23    Spells: 15/15 levels left

rFire   . . .      SeeInvis +    l - +7 Throatcutter {drain, coup de grace}
rCold   . . .      Faith    .    c - +0 buckler
rNeg    . . .      Spirit   .    F - +1 chain mail {rPois}
rPois   +          Reflect  .    k - +2 helmet {SInv}
rElec   .          Harm     .    I - +2 cloak {rCorr}
rCorr   +          Rampage  .    r - +0 pair of gloves {infuse}
Will    ++...                    (boots unavailable)
Stlth   ++++                     U - amulet of regeneration
HPRegen 1.19/turn                R - ring of flight
MPRegen 0.19/turn                s - ring of Vudd {Will+ rCorr}

@: agile, flying, drained
A: hooves 3, thin skeletal structure 3, powered by pain 3, spiny 2, corrupting
presence 1
a: Renounce Religion, Recall Undead Harvest


You were on level 4 of the Swamp.
You worshipped Yredelemnul.
Yredelemnul was pleased with you.
You visited 4 branches of the dungeon, and saw 25 of its levels.
You visited the Abyss 1 time.
You also visited: Sewer, Ossuary, Bailey and Gauntlet.

You collected 3139 gold pieces.
You spent 874 gold pieces at shops.

Inventory:

Hand Weapons
 l - the +7 Throatcutter (weapon) {drain, coup de grace}
   (You took it off Terence on level 3 of the Dungeon)
 q - the +4 war axe of the Ancients {drain, rPois Dex+3}
   (You found it on level 3 of the Dungeon)

   Dex:       It affects your dexterity (+3).
   rPois:     It protects you from poison.
 V - the +7 hand axe "Hurhi" {speed, rElec Will- Dex+5 SInv}
   (You found it on level 2 of the Lair of Beasts)

   Dex:       It affects your dexterity (+5).
   rElec:     It insulates you from electricity.
   SInv:      It lets you see invisible.
   Will:      It decreases your willpower.
 W - the +10 great sword of Resourcefulness {heavy, rElec rPois rN+ Str-4}
   (You found it on level 1 of the Swamp)

   Str:       It affects your strength (-4).
   rElec:     It insulates you from electricity.
   rPois:     It protects you from poison.
   rN:        It protects you from negative energy.
Missiles
 b - 4 silver javelins (quivered)
 d - 2 throwing nets
 e - 5 curare-tipped darts
 j - 67 poisoned darts
 y - 4 boomerangs of dispersal
 A - 2 silver boomerangs
 Q - 26 boomerangs
 T - 6 javelins
Armour
 c - a +0 buckler (worn)
 k - a +2 helmet of see invisible (worn)
 r - a +0 pair of gloves of infusion (worn)
 F - a +1 chain mail of poison resistance (worn)
 I - a +2 cloak of preservation (worn)
 O - the -2 pair of gloves of the Muttering Gods {rElec Int-2 SInv}
   (You bought it in a shop on level 2 of the Orcish Mines)

   Int:       It affects your intelligence (-2).
   rElec:     It insulates you from electricity.
   SInv:      It lets you see invisible.
 P - the +5 ring mail of Iphelu {rN+}
   (You found it on level 10 of the Dungeon)

   rN:        It protects you from negative energy.
Jewellery
 n - a ring of fire
 s - the ring of Vudd (right hand) {Will+ rCorr}
   (You found it in a Gauntlet)

   [ring of resist corrosion]

   rCorr:     It protects you from acid and corrosion.
   Will:      It increases your willpower.
 C - a ring of see invisible
 L - a ring of protection from cold
 R - a ring of flight (left hand)
 U - an amulet of regeneration (around neck)
Wands
 a - a wand of flame (38)
 z - a wand of polymorph (4)
 E - a wand of mindburst (28)
 N - a wand of acid (5)
 Y - a wand of roots (7)
Scrolls
 f - 7 scrolls of fear
 t - 11 scrolls of teleportation
 B - 2 scrolls of summoning
 G - 2 scrolls of immolation
 J - 4 scrolls of magic mapping
 K - 7 scrolls of enchant weapon
 M - 3 scrolls of fog
Potions
 g - 5 potions of attraction
 h - 3 potions of haste
 i - 9 potions of mutation
 m - 5 potions of might
 o - 5 potions of lignification
 p - 2 potions of resistance {unknown}
 u - 3 potions of berserk rage
 v - 5 potions of magic
 w - 4 potions of heal wounds
 D - 4 potions of ambrosia
 H - 9 potions of curing
 S - 2 potions of flight
 X - 2 potions of invisibility
 Z - a potion of cancellation
Miscellaneous
 x - a tin of tremorstones (inert)


   Skills:
 - Level 12.0 Fighting
 + Level 16.7 Long Blades
 - Level 3.9 Axes
 - Level 6.0 Throwing
 - Level 8.0 Armour
 - Level 12.0 Dodging
 - Level 6.0 Stealth
 - Level 5.0 Shields
 - Level 12.1 Invocations
 - Level 6.0 Evocations


You had 15 spell levels left.
You didn't know any spells.
Your spell library contained the following spells:

 Spells                   Type           Power      Damage    Failure   Level
 Beastly Appendage        Tmut           0%         N/A       99%         1
 Freeze                   Ice            0%         1d3       99%         1
 Magic Dart               Conj           0%         1d3       99%         1
 Sandblast                Erth           0%         2d4       99%         1
 Shock                    Conj/Air       0%         1d3       99%         1
 Sting                    Tmut/Pois      0%         1d3       99%         1
 Call Imp                 Summ           0%         N/A       99%         2
 Ensorcelled Hibernation  Hex/Ice        0%         N/A       99%         2
 Lesser Beckoning         Tloc           0%         N/A       99%         2
 Passwall                 Tmut/Erth      0%         N/A       99%         2
 Poisonous Vapours        Pois/Air       0%         N/A       99%         2
 Scorch                   Fire           0%         2d5       99%         2
 Wereblood                Tmut           0%         N/A       99%         2
 Call Canine Familiar     Summ           0%         N/A       100%        3
 Frozen Ramparts          Ice            0%         1d1       100%        3
 Gell's Gravitas          Tloc           0%         N/A       100%        3
 Hailstorm                Conj/Ice       0%         3d3       100%        3
 Mephitic Cloud           Conj/Pois/Air  0%         N/A       100%        3
 Ozocubu's Armour         Ice            0%         N/A       100%        3
 Portal Projectile        Hex/Tloc       0%         N/A       100%        3
 Spider Form              Tmut/Pois      0%         N/A       100%        3
 Stone Arrow              Conj/Erth      0%         3d7       100%        3
 Swiftness                Air            0%         N/A       100%        3
 Teleport Other           Tloc           0%         N/A       100%        3
 Airstrike                Air            0%         2d(0-16)  100%        4
 Flame Wave               Conj/Fire      0%         2d4       100%        4
 Leda's Liquefaction      Hex/Erth       0%         N/A       100%        4
 Olgreb's Toxic Radiance  Pois           0%         N/A       100%        4
 Summon Lightning Spire   Summ/Air       0%         N/A       100%        4
 Blade Hands              Tmut           0%         N/A       100%        5
 Fireball                 Conj/Fire      0%         3d3       100%        5
 Irradiate                Conj/Tmut      0%         3d11      100%        5
 Iskenderun's Battlesphe  Conj           0%         2d6       100%        5
 Lightning Bolt           Conj/Air       0%         1d11      100%        5
 Metabolic Englaciation   Hex/Ice        0%         N/A       100%        5
 Conjure Ball Lightning   Conj/Air       0%         3x3d6     100%        6
 Summon Cactus Giant      Summ           0%         N/A       100%        6
 Dragon Form              Tmut           0%         N/A       100%        7
 Haunt                    Necr/Summ      0%         N/A       100%        7
 Orb of Destruction       Conj           0%         9d5       100%        7
 Discord                  Hex            0%         N/A       100%        8
 Disjunction              Tloc           0%         N/A       100%        8
 Infestation              Necr           0%         N/A       100%        8
 Animate Dead             Necr           Unusable   N/A       N/A         4
 Simulacrum               Ice/Necr       Unusable   N/A       N/A         6

Dungeon Overview and Level Annotations

Branches:
Dungeon (14/15)            Temple (0/1) D:7            Lair (5/5) D:9
  Swamp (4/4) Lair:3       Spider (0/4) Lair:2        Slime (0/5) Lair:5
    Orc (2/2) D:12            Elf (0/3) Orc:2         Sewer (visited)
Ossuary (visited)          Bailey (visited)         Gauntlet (visited)
 Vaults: D:13-14

Altars:
Cheibriados
Dithmenos
Hepliaklqana
Makhleb
Nemelex Xobeh
Qazlal
Uskayaw
Vehumet
Wu Jian
Yredelemnul
Jiyva

Shops:
D:10 [   D:13 *   Orc:1 (   Orc:2 *:[[[

Annotations:
D:5 3 runed translucent doors, jimonade's ghost, novice DjVM
D:14 Louise


Innate Abilities, Weirdness & Mutations

You have hooves in place of feet.
You have an unnaturally thin skeletal structure. (Dex +6, Stealth+++)
You are powered by pain.
You are mostly covered in sharp spines.
Your presence sometimes corrodes those you injure.


Message History

The swamp drake explodes!
The swamp dragon explodes!
That felt strangely unrewarding.
You hear an explosion!
A spectral swamp dragon and a spectral 27-headed Lernaean hydra come into view.
The spectral 27-headed Lernaean hydra attacks as you move away!
The spectral 27-headed Lernaean hydra bites you!
You feel drained.
* * * LOW HITPOINT WARNING * * *
The spectral 27-headed Lernaean hydra bites you but does no damage. x2
The spectral 27-headed Lernaean hydra completely misses you.
The spectral 27-headed Lernaean hydra bites you!
* * * LOW HITPOINT WARNING * * *
You focus on the pain.
You feel more agile all of a sudden.
You feel drained.
* * * LOW HITPOINT WARNING * * *
The spectral 27-headed Lernaean hydra bites you.
* * * LOW HITPOINT WARNING * * *
You feel drained.
You block the spectral 27-headed Lernaean hydra's attack.
The spectral 27-headed Lernaean hydra bites you but does no damage.
You block the spectral 27-headed Lernaean hydra's attack.
The spectral 27-headed Lernaean hydra misses you.
The spectral 27-headed Lernaean hydra bites you.
* * * LOW HITPOINT WARNING * * *
You feel drained.
* * * LOW HITPOINT WARNING * * *
The spectral 27-headed Lernaean hydra bites you but does no damage.
The spectral 27-headed Lernaean hydra bites you.
* * * LOW HITPOINT WARNING * * *
The spectral 27-headed Lernaean hydra bites you but does no damage.
The spectral 27-headed Lernaean hydra completely misses you. x2
The spectral 27-headed Lernaean hydra bites you but does no damage.
You block the spectral 27-headed Lernaean hydra's attack.
The spectral 27-headed Lernaean hydra bites you but does no damage. x2
The spectral 27-headed Lernaean hydra bites you!
* * * LOW HITPOINT WARNING * * *
The spectral 27-headed Lernaean hydra bites you.
You die...
Your body rises from the dead as a mindless zombie.

~§♣ ♣♣..~.....#♣♣.≈♣~~.~♣♣
~~♣ ♣~~~......♣ ♣♣♣♣♣§♣♣♣
~D♣♣♣ ♣~~.~..#.≈♣ ♣♣
i.~.♣♣♣§.~~..~..♣ ♣♣
♣.i..~.........♣♣♣♣♣.≈♣ ##
..~.~~.~♣♣♣♣~..♣♣§.≈# ##≈≈#
.~~..~~~.
♣..°§§§#####≈≈≈≈≈~
.♣...~.~.
♣..°°°Z°Z#§°§#≈≈~~ .
.i.~.$. ♣..°°@°§°°°°°~(..~
. i~~...~
♣..♣§°§§##§§§~≈#.# .
...~~...~k.♣♣§°#######≈≈~.~
. .~..~....§~ ♣♣♣° ~~.# ~
.~......♣~~ ♣. ≈.# ^♣... ♣♣
(≈ .♣ ~


You could see a spectral swamp dragon, a spectral 27-headed Lernaean hydra and a
swamp drake (inner flame, catching breath).

Vanquished Creatures
  the Lernaean hydra (Swamp:4)
  A thorn hunter (Swamp:4)
  A fenstrider witch (Swamp:2)
  2 orc warlords
  4 bunyips
  5 eleionomae
  A spark wasp (Swamp:1)
  A minotaur (Gauntlet)
  An ettin (Orc:1)
  A shambling mangrove (Swamp:4)
  9 hydras
  2 ghost crabs
  2 centaur warriors
  A boulder beetle (D:11)
  4 catoblepae
  2 alligators
  4 two-headed ogres
  9 death yaks
  5 orc high priests
  A hell hog (Gauntlet)
  A sixfirhy (Abyss:2)
  4 bog bodies
  2 death drakes (Swamp:4)
  2 goliath frogs (Swamp:3)
  4 spriggan riders
  3 spriggan druids
  Pikel (D:7)
  3 swamp dragons
  A spectral hydra (Swamp:4)
  A phantasmal warrior (D:14)
  A deep elf pyromancer (D:13)
  5 orc knights
  An oklob plant (Gauntlet)
  4 orc sorcerers
  5 cyclopes
  A will-o-the-wisp (Swamp:3)
  4 manticores
  An ugly thing (D:12)
  6 elephants
  4 black mambas
  Joseph (D:7)
  3 gargoyles
  A torpor snail (Lair:5)
  7 cane toads
  A rime drake (Lair:1)
  An unseen horror (D:11)
  A freezing wraith (D:11)
  5 komodo dragons
  A hydra zombie (Swamp:4)
  3 polar bears
  A queen bee (shapeshifter) (D:13)
  6 tyrant leeches
  6 hornets
  7 trolls
  18 blink frogs
  4 dream sheep (Lair:5)
  An alligator zombie (Swamp:4)
  8 flying skulls (Gauntlet)
  Sigmund (D:5)
  6 spriggans
  A culicivora (Lair:2)
  A shadow (D:9)
  9 slime creatures
  2 humans
  A wraith (D:11)
  2 wyverns
  2 fire bats (Gauntlet)
  54 yaks
  4 vampire mosquitoes (Swamp:1)
  A redback simulacrum (D:14)
  2 basilisks
  2 wargs
  9 swamp worms
  A hell hound (Gauntlet)
  4 acid dragons
  15 water moccasins
  Duvessa (D:7)
  An ice beast (D:6)
  A sky beast (D:7)
  4 swamp drakes
  A black bear (D:8)
  4 ogres
  A swamp dragon zombie (Swamp:4)
  47 orc warriors
  9 wolves
  9 centaurs
  2 phantoms
  2 kobold brigands
  An elf zombie (Ossuary)
  4 bullfrogs
  3 scorpions
  A necrophage (D:5)
  13 wights
  5 howler monkeys
  An electric eel (Lair:1)
  2 hounds
  34 orc priests
  10 jellies
  A gnoll bouda (D:10)
  Terence (D:3)
  5 iguanas
  28 orc wizards
  A polar bear simulacrum (Lair:5)
  2 mummies (Ossuary)
  Robin (D:2)
  11 gnolls
  6 adders
  A river rat (D:4)
  3 white imps
  An ufetubus (D:6)
  A worm (D:2)
  2 dart slugs
  71 orcs
  11 ball pythons
  7 bats
  6 endoplasms
  A giant cockroach (D:2)
  33 goblins
  7 hobgoblins
  6 jackals
  5 quokkas
  4 frilled lizards
  5 gnoll zombies (Ossuary)
  3 goblin zombies (Ossuary)
  3 hobgoblin zombies (Ossuary)
  A jackal skeleton (D:3)
  32 kobolds
  A kobold zombie (D:3)
  3 orc zombies
  A rat (D:4)
723 creatures vanquished.

Vanquished Creatures (collateral kills)
  2 eleionomae
  2 bunyips
  4 hydras
  A ghost crab (Swamp:2)
  2 catoblepae (Lair:5)
  2 alligators
  3 death yaks
  4 goliath frogs (Swamp:1)
  A spriggan druid (Swamp:1)
  2 spriggan riders (Swamp:1)
  2 bog bodies
  4 swamp dragons
  2 elephants (Lair:2)
  A cane toad (Lair:4)
  A swamp worm zombie (Swamp:4)
  A komodo dragon (Lair:1)
  A bloated husk (Swamp:1)
  A tyrant leech (Swamp:1)
  A hornet (Swamp:1)
  11 blink frogs
  A dream sheep (Lair:5)
  17 yaks
  A spriggan (Swamp:1)
  A basilisk (Lair:2)
  2 swamp worms
  6 vampire mosquitoes (Swamp:1)
  2 death yak simulacra (Lair:5)
  A water moccasin (Lair:5)
  3 orc warriors (Orc:2)
  A black bear (Lair:2)
  A swamp drake (Swamp:4)
  A centaur (D:8)
  2 wolves
  2 bullfrogs
  A scorpion (D:5)
  Dowan (D:7)
  A wight (D:7)
  An elephant simulacrum (Lair:5)
  3 jellies (Lair:5)
  6 orc priests
  4 orc wizards
  A wolf simulacrum (Lair:5)
  9 orcs
  A goblin (D:12)
  A kobold (Bailey)
  6 bushes (Lair:1)
  A butterfly (Lair:1)
125 creatures vanquished.

Vanquished Creatures (others)
  A spectral orc (Swamp:4)
  A bunyip zombie (Swamp:1)
  A hydra zombie (Swamp:4)
  4 bloated husks
  2 death drake zombies (Swamp:4)
  An alligator zombie (Swamp:4)
  2 spriggan zombies
  3 slime creature zombies (D:13)
  2 two-headed ogre zombies
  2 cane toad zombies
  2 hornet zombies (Swamp:4)
  10 blink frog zombies
  A dream sheep zombie (Lair:5)
  2 vampire mosquito zombies (Swamp:1)
  A cyclops zombie (D:14)
  A hell hound zombie (Gauntlet)
  A wyvern zombie (Lair:3)
  7 water moccasin zombies
  14 yak zombies
  A troll zombie (Orc:1)
  3 wolf zombies
  2 centaur zombies
  2 bullfrog zombies
  A basilisk zombie (D:13)
  An ogre zombie (Orc:1)
  A howler monkey zombie (D:12)
  A swamp drake zombie (Swamp:4)
  A gnoll zombie (D:10)
  3 jelly zombies (Lair:5)
  52 orc zombies
  An endoplasm zombie (Lair:5)
  A goblin zombie (Bailey)
  A hobgoblin zombie (Bailey)
  2 jackal zombies (D:5)
  3 kobold zombies
  A spectral ufetubus (D:6)
  A bush (Lair:2)
  4 demonic plants (Gauntlet)
  63 fungi
  96 plants
299 creatures vanquished.

Grand Total: 1147 creatures vanquished

Notes
Turn   | Place    | Note
-------+----------+-------------------------------------------
     0 | D:1      | Valamore the Demonspawn Fighter began the quest for the
                  | Orb.
     0 | D:1      | Reached XP level 1. HP: 18/18 MP: 1/1
    92 | D:1      | Gained mutation: You have a somewhat thin skeletal
                  | structure. (Dex +2, Stealth+) [demonic ancestry]
    92 | D:1      | Reached XP level 2. HP: 17/24 MP: 2/2
   300 | D:1      | Gained mutation: You are partially covered in sharp spines.
                  | [demonic ancestry]
   300 | D:1      | Reached XP level 3. HP: 21/29 MP: 3/3
   565 | D:2      | Found a hide-covered altar of Uskayaw.
   791 | D:2      | Noticed Robin
   802 | D:2      | Killed Robin
   803 | D:2      | Gained mutation: You have large cloven feet. [demonic
                  | ancestry]
   803 | D:2      | Reached XP level 4. HP: 14/37 MP: 4/4
  1706 | D:3      | Noticed Terence
  1750 | D:3      | Killed Terence
  1812 | D:3      | Found a runed translucent door.
  1812 | D:3      | Noticed a human
  1819 | D:3      | Found a basalt altar of Yredelemnul.
  1897 | D:3      | Reached XP level 5. HP: 41/42 MP: 5/5
  1947 | D:3      | Reached skill level 1 in Long Blades
  1951 | D:3      | Identified the +4 war axe of the Ancients {drain, rPois
                  | Dex+3}
  2089 | D:3      | Found a sparkling altar of Nemelex Xobeh.
  2391 | D:4      | Found a glowing drain.
  2395 | Sewer    | Entered a sewer
  2417 | Sewer    | Noticed a water moccasin
  2427 | Sewer    | Killed a water moccasin
  2428 | Sewer    | Reached skill level 5 in Fighting
  2428 | Sewer    | Reached skill level 2 in Long Blades
  2428 | Sewer    | Gained mutation: You have hoof-like feet. [demonic
                  | ancestry]
  2428 | Sewer    | Reached XP level 6. HP: 21/51 MP: 6/6
  2702 | D:4      | Found a sand-covered staircase.
  2714 | D:4      | Reached skill level 3 in Long Blades
  2729 | Ossuary  | Entered an ossuary
  2762 | Ossuary  | Reached XP level 7. HP: 51/57 MP: 7/7
  3298 | D:4      | Found a radiant altar of Vehumet.
  3507 | D:3      | Killed a human
  3508 | D:3      | Reached skill level 4 in Long Blades
  3517 | D:3      | Became a worshipper of Yredelemnul the Dark
  3540 | D:5      | Entered Level 5 of the Dungeon
  3632 | D:5      | Reached * piety under Yredelemnul
  3635 | D:5      | Reached XP level 8. HP: 58/65 MP: 8/8
  3637 | D:5      | Reached skill level 5 in Long Blades
  3675 | D:5      | Found a runed translucent gate.
  3676 | D:5      | Found a runed translucent gate.
  3677 | D:5      | Found a runed translucent gate.
  3740 | D:5      | Noticed Sigmund
  3752 | D:5      | Killed Sigmund
  3753 | D:5      | Reached skill level 6 in Long Blades
  3756 | D:5      | Reached ** piety under Yredelemnul
  3956 | D:5      | Noticed jimonade's ghost (novice DjVM)
  4069 | D:5      | Reached skill level 7 in Long Blades
  4085 | D:5      | Reached skill level 1 in Dodging
  4118 | D:5      | Found an ornate altar of the Wu Jian Council.
  4334 | D:5      | Found a burning altar of Makhleb.
  4559 | D:6      | Identified the +1 leather armour of the Pit {rC+}
  4656 | D:6      | Gained mutation: You have a moderately thin skeletal
                  | structure. (Dex +4, Stealth++) [demonic ancestry]
  4656 | D:6      | Reached XP level 9. HP: 68/72 MP: 9/9
  5430 | D:6      | Reached skill level 8 in Long Blades
  5538 | D:7      | Found a staircase to the Ecumenical Temple.
  5634 | D:7      | Found a stormy altar of Qazlal.
  5646 | D:7      | Noticed Joseph
  5676 | D:7      | Killed Joseph
  5800 | D:7      | Noticed Pikel
  5804 | D:7      | Reached skill level 9 in Long Blades
  5807 | D:7      | Killed Pikel
  5826 | D:7      | Reached *** piety under Yredelemnul
  5973 | D:7      | Noticed Duvessa
  5973 | D:7      | Noticed Dowan
  5977 | D:7      | Reached skill level 10 in Long Blades
  5981 | D:7      | Killed Duvessa
  5982 | D:7      | Reached skill level 5 in Dodging
  5984 | D:7      | Killed Dowan
  5985 | D:7      | Gained mutation: You have hooves in place of feet. [demonic
                  | ancestry]
  5985 | D:7      | Reached XP level 10. HP: 79/79 MP: 10/10
  6685 | D:8      | Found a hazy altar of Hepliaklqana.
  6904 | D:9      | Reached skill level 11 in Long Blades
  7257 | D:9      | Noticed a two-headed ogre
  7282 | D:9      | Killed a two-headed ogre
  7652 | D:9      | Found a shadowy altar of Dithmenos.
  7889 | D:9      | You fall into a shaft and drop 2 floors!
  7994 | D:11     | Noticed a gargoyle
  8008 | D:11     | Killed a gargoyle
  8087 | D:11     | Reached skill level 12 in Long Blades
  8128 | D:10     | Entered Level 10 of the Dungeon
  8175 | D:10     | Identified the +5 ring mail of Iphelu {rN+}
  8234 | D:10     | Noticed a two-headed ogre
  8248 | D:10     | Killed a two-headed ogre
  8249 | D:10     | Gained mutation: You sometimes gain a little power by
                  | taking damage. [demonic ancestry]
  8249 | D:10     | Reached XP level 11. HP: 40/84 MP: 11/11
  8714 | D:10     | Found a flagged portal.
  8723 | Bailey   | Entered a bailey
  8730 | Bailey   | Noticed an orc knight
  8776 | Bailey   | Noticed an orc knight
  8783 | Bailey   | Killed an orc knight
  8819 | Bailey   | Killed an orc knight
  9404 | D:10     | Found a snail-covered altar of Cheibriados.
  9498 | D:10     | Noticed a two-headed ogre
  9507 | D:10     | Killed a two-headed ogre
  9542 | D:10     | Found Weem's Antique Armour Emporium.
  9542 | D:10     | Noticed a two-headed ogre
  9561 | D:10     | Killed a two-headed ogre
  9760 | D:10     | Bought a pair of gloves for 121 gold pieces
 10112 | D:9      | Found a staircase to the Lair.
 10400 | D:11     | Noticed a boulder beetle
 10417 | D:11     | Killed a boulder beetle
 10418 | D:11     | Reached skill level 5 in Armour
 10418 | D:11     | Reached skill level 5 in Shields
 11006 | D:11     | Noticed a centaur warrior
 11009 | D:11     | Killed a centaur warrior
 11034 | D:11     | Reached skill level 1 in Stealth
 11037 | D:11     | Gained mutation: You sometimes gain power by taking damage.
                  | [demonic ancestry]
 11037 | D:11     | Reached XP level 12. HP: 91/91 MP: 12/12
 11038 | D:11     | Reached **** piety under Yredelemnul
 11275 | Lair:1   | Entered Level 1 of the Lair of Beasts
 11419 | Lair:1   | Reached skill level 13 in Long Blades
 11973 | Lair:1   | Reached ***** piety under Yredelemnul
 12554 | Lair:2   | Identified the +7 hand axe "Hurhi" {speed, rElec Will-
                  | Dex+5 SInv}
 12597 | Lair:2   | Found a dark tunnel.
 12758 | Lair:2   | Noticed a death yak
 12759 | Lair:2   | Noticed a death yak
 12761 | Lair:2   | Noticed a death yak
 12761 | Lair:2   | Noticed a death yak
 12768 | Lair:2   | Killed a death yak
 12768 | Lair:2   | Reached ****** piety under Yredelemnul
 12772 | Lair:2   | Killed a death yak
 12774 | Lair:2   | Killed a death yak
 12778 | Lair:2   | Killed a death yak
 12856 | Lair:2   | Gained mutation: You are mostly covered in sharp spines.
                  | [demonic ancestry]
 12856 | Lair:2   | Reached XP level 13. HP: 90/98 MP: 13/13
 12908 | Lair:2   | Reached skill level 14 in Long Blades
 13076 | Lair:2   | Found a hole to the Spider Nest.
 13513 | Lair:3   | Reached skill level 1 in Invocations
 13513 | Lair:3   | Reached skill level 1 in Evocations
 13711 | Lair:3   | Found a staircase to the Swamp.
 14264 | Lair:3   | Found a sparkling altar of Nemelex Xobeh.
 14273 | Lair:3   | Reached skill level 5 in Invocations
 14931 | Lair:4   | Reached skill level 5 in Evocations
 15468 | Lair:5   | Entered Level 5 of the Lair of Beasts
 15468 | Lair:5   | Found a frozen archway.
 15767 | Lair:5   | Reached skill level 10 in Invocations
 15804 | Lair:5   | Gained mutation: You have an unnaturally thin skeletal
                  | structure. (Dex +6, Stealth+++) [demonic ancestry]
 15804 | Lair:5   | Reached XP level 14. HP: 77/108 MP: 21/21
 15985 | Lair:5   | Found a viscous altar of Jiyva.
 15986 | Lair:5   | Found a staircase to the Slime Pits.
 16050 | Lair:5   | Reached skill level 1 in Throwing
 17117 | D:12     | Found a staircase to the Orcish Mines.
 17582 | D:12     | Reached skill level 10 in Dodging
 17655 | D:13     | Found Tiok's Elemental Accessories.
 17793 | D:13     | Found a gate leading to a gauntlet.
 17823 | Gauntlet | Entered a Gauntlet
 17823 | Gauntlet | Found a transporter.
 17823 | Gauntlet | Found a transporter.
 17841 | Gauntlet | Found a transporter.
 17859 | Gauntlet | Found a transporter.
 17859 | Gauntlet | Found a transporter.
 17859 | Gauntlet | Found a transporter.
 17862 | Gauntlet | Found a transporter.
 17862 | Gauntlet | Found a transporter.
 17876 | Gauntlet | Found a transporter.
 17894 | Gauntlet | Found a transporter.
 17904 | Gauntlet | Found a transporter.
 17919 | Gauntlet | Found a transporter.
 17939 | Gauntlet | Found a transporter.
 17952 | Gauntlet | Found a transporter.
 18112 | Gauntlet | Reached skill level 5 in Throwing
 18123 | Gauntlet | Identified the ring of Vudd {Will+ rCorr}
 18903 | D:14     | Noticed Louise
 19042 | Abyss:2  | Cast into level 2 of the Abyss (Louise)
 19054 | Abyss:2  | Found a corrupted altar of Lugonu.
 19110 | D:14     | Escaped the Abyss
 19225 | Orc:1    | Entered Level 1 of the Orcish Mines
 19225 | Orc:1    | Noticed an orc warlord
 19239 | D:12     | Killed an orc warlord
 19520 | Orc:1    | Gained mutation: Your presence sometimes corrodes those you
                  | injure. [demonic ancestry]
 19520 | Orc:1    | Reached XP level 15. HP: 62/113 MP: 17/24
 19632 | Orc:1    | Found Ingiko's Antique Weapon Shop.
 20023 | Orc:1    | Reached skill level 5 in Stealth
 20367 | Orc:2    | Entered Level 2 of the Orcish Mines
 20368 | Orc:2    | Found a burning altar of Makhleb.
 20477 | Orc:2    | Found Huaweing's Antique Armour Shoppe.
 20494 | Orc:2    | Bought a runed cloak for 262 gold pieces
 21160 | Orc:2    | Found Xypuc's Book Shoppe.
 21160 | Orc:2    | Found Buasman's Antique Armour Emporium.
 21160 | Orc:2    | Found Seclim's Antique Armour Emporium.
 21189 | Orc:2    | Found Atiopnon's General Store.
 21271 | Orc:2    | Reached skill level 10 in Fighting
 21319 | Orc:2    | Bought a pair of runed gloves for 217 gold pieces
 21323 | Orc:2    | Bought a scroll of fear for 56 gold pieces
 21325 | Orc:2    | Bought a pair of crude gloves for 218 gold pieces
 21325 | Orc:2    | Identified the -2 pair of gloves of the Muttering Gods
                  | {rElec Int-2 SInv} (You bought it in a shop on level 2 of
                  | the Orcish Mines)
 21425 | Orc:2    | Found a staircase to the Elven Halls.
 21775 | Swamp:1  | Entered Level 1 of the Swamp
 22238 | Swamp:1  | Identified the +10 great sword of Resourcefulness {heavy,
                  | rElec rPois rN+ Str-4}
 23157 | Swamp:2  | Noticed a fenstrider witch
 23716 | Swamp:2  | Killed a fenstrider witch
 23717 | Swamp:2  | Reached skill level 15 in Long Blades
 23812 | Swamp:3  | Gained mutation: You are powered by pain. [demonic
                  | ancestry]
 23812 | Swamp:3  | Reached XP level 16. HP: 117/127 MP: 20/25
 23842 | Swamp:3  | Identified the +4 falchion "Sottistri" {heavy, Int+4}
 24376 | Swamp:4  | Entered Level 4 of the Swamp
 24376 | Swamp:4  | Noticed a thorn hunter
 24381 | Swamp:4  | Killed a thorn hunter
 24914 | Swamp:4  | Reached skill level 16 in Long Blades
 24971 | Swamp:4  | Noticed the 27-headed Lernaean hydra
 24978 | Swamp:4  | Killed the 27-headed Lernaean hydra
 24979 | Swamp:4  | HP: 4/118 [spectral 27-headed Lernaean hydra[the player
                  | character] (8)]
 24979 | Swamp:4  | Slain by a spectral 27-headed Lernaean hydra

Illustrated notes

Levels and vault maps discovered:
D:1:      lightli_molten_gateway, layout_rooms, minmay_pentomino_p2
D:2:      layout_basic, basic_altar, uniq_robin
D:3:      layout_loops_ring, lemuel_doored_altar, dk_yredelemnul_ordeal,
          mainiacjoe_overflow_surrounded_room, uniq_terence
D:4:      corexii_shantytown, layout_basic, kennysheep_mini,
          nicolae_ossuary_entry_monument, gup_sewer_entry_bowl
D:5:      lemuel_ice_spiral_2, layout_basic, nicolae_overflow_hidden_temple,
          nicolae_wu_jian_immortal_techniques, gammafunk_ghost_icy, uniq_sigmund
D:6:      layout_basic
D:7:      layout_rooms, grunt_qazlal_clouds, minmay_temple_entry_gardened_gates,
          serial_rivers, chequers_serial_rivers_large_a,
          chequers_serial_rivers_micro_e, chequers_serial_rivers_micro_b,
          chequers_serial_rivers_micro_c, chequers_serial_rivers_marsh,
          st_stairs_7, uniq_duvessa, uniq_pikel, uniq_joseph
D:8:      layout_basic, mainiacjoe_overflow_boulevard
D:9:      layout_basic, mainiacjoe_overflow_tiny_flanked, roderic_malta_cross,
          chequers_avenue
D:10:     layout_irregular_city, mainiacjoe_overflow_small_starburst,
          enter_bailey_3, kennysheep_small_circle
D:11:     layout_gridville, hangedman_decor_slide_cut, minmay_microvault
D:12:     layout_cave_pools, erik_orc_4
D:13:     layout_small_grid, gauntlet_entry_generic, nicolae_elemental_shop
D:14:     layout_irregular_city, david_vaults_4, nicolae_ashenzari_panopticon,
          dreamdust_mushroom_princess, uniq_louise
Lair:1:   layout_gridlike, minmay_hedge_maze, lemuel_fruit_fields,
          grunt_megastairs_3, infiniplex_staircase_pool, lemuel_fruit_tree
Lair:2:   layout_regular_city, hellmonk_spider_entry_life_and_decay,
          nicolae_volcano_entry_two_sided, serial_bayou_shore_b,
          infiniplex_staircase_pool_2, lemuel_fruit_fields
Lair:3:   layout_regular_city, skrybe_swamp_entry_bodies, lemuel_centaur_altar,
          grunt_megastairs_1
Lair:4:   layout_regular_city, serial_bayou_ford_a
Lair:5:   evilmike_catoblepas_cave, layout_hall_layers,
          minmay_slime_entry_jelly_boxes, portal_ice_cave_entry_ice_simulacra
Swamp:1:  layout_basic_swamp, hangedman_swamp_cone, swamp_pool3, ldierk_geyser,
          nicolae_swamp_catching_bugs
Swamp:2:  layout_basic_swamp, serial_swamp_ruin, evilmike_swamp_ruin_house_5,
          hangedman_swamp_ruin_wall, hangedman_swamp_ruin_hall
Swamp:3:  layout_basic_swamp, hangedman_swamp_lotus
Swamp:4:  swamp_old_school, layout_basic_swamp
Orc:1:    orc_temple, layout_caves, special_room [special_room_orc],
          serial_shops, nicolae_square_shop
Orc:2:    st_orc_mages, layout_diamond_mine, serial_shops,
          nicolae_shop_overgrown_old_shop, basic_altar

Skill      XL: |  1  2  3  4  5  6  7  8  9 10 11 12 13 14 15 16 |
---------------+-------------------------------------------------+-----
Axes           | 2 3 |  3.9
Fighting       | 4 5 6 7 8 9 12 | 12.0
Long Blades    | 2 3 4 7 10 12 13 14 15 16 | 16.7
Dodging        | 2 5 7 8 9 11 12 | 12.0
Armour         | 3 5 7 8 |  8.0
Shields        | 3 5 |  5.0
Stealth        | 1 4 6 |  6.0
Invocations    | 10 12 | 12.1
Evocations     | 6 |  6.0
Throwing       | 6 |  6.0

Action                     |  1- 3 |  4- 6 |  7- 9 | 10-12 | 13-15 | 16-18 || total
---------------------------+-------+-------+-------+-------+-------+-------++-------
  Melee: War axe           |    69 |    29 |     7 |       |    24 |       ||   129
         Long sword        |       |    53 |   150 |   365 |   785 |    66 ||  1419
         Kick              |       |    18 |    27 |   113 |   288 |    26 ||   472
  Throw: Dart              |       |     3 |       |     7 |       |       ||    10
         Javelin           |       |       |       |       |     2 |     3 ||     5
         Boomerang         |       |       |       |       |     2 |       ||     2
 Invoke: Recall Undead Har |       |       |       |       |    15 |     4 ||    19
         Dark Bargain      |       |       |       |       |     1 |       ||     1
         Bind Soul         |       |       |       |       |     1 |       ||     1
  Evoke: Wand              |       |       |       |     7 |     6 |       ||    13
         Tin of tremorston |       |       |       |       |     2 |     2 ||     4
    Use: Scroll            |     2 |     4 |     7 |     8 |     9 |     2 ||    32
   Stab: Distracted        |       |       |     1 |     4 |    10 |     3 ||    18
         Sleeping          |       |       |       |     2 |     3 |     1 ||     6
         Petrified         |       |       |       |       |     5 |       ||     5
 Armour: Scale mail        |    49 |     3 |       |       |       |       ||    52
         Chain mail        |       |    32 |    67 |    77 |   301 |    44 ||   521
         Ring mail         |       |       |       |    26 |       |       ||    26
  Dodge: Dodged            |    37 |    25 |    40 |   129 |   399 |    44 ||   674
  Block: Buckler           |    23 |     7 |    23 |   141 |   252 |    21 ||   467
         Reflection        |       |       |       |    17 |       |       ||    17

Table legend: (Time is in decaauts)
 A = Elapsed time spent in this place.
 B = Non-inter-level travel time spent in this place.
 C = Inter-level travel time spent in this place.
 D = Time resting spent in this place.
 E = Time spent auto-exploring this place.
 F = Levels seen in this place.
 G = Mean time per level.
                   A        B        C        D        E       F      G
               +--------+--------+--------+--------+--------+-----+--------+
         Total |  27720 |  26142 |   1578 |   2409 |  18946 |  30 |  924.0 |
       Dungeon |  12703 |  11839 |    864 |   1020 |   8853 |  14 |  907.4 |
          Lair |   7188 |   6765 |    423 |    402 |   5433 |   5 | 1437.6 |
         Swamp |   3852 |   3700 |    152 |    693 |   2205 |   4 |  963.0 |
  Orcish Mines |   2520 |   2382 |    138 |     46 |   1783 |   2 | 1260.0 |
         Abyss |     66 |     66 |      0 |      0 |      0 |   1 |   66.0 |
         Sewer |    215 |    215 |      0 |      0 |    167 |   1 |  215.0 |
       Ossuary |    150 |    150 |      0 |      0 |     94 |   1 |  150.0 |
        Bailey |    660 |    660 |      0 |    230 |    275 |   1 |  660.0 |
      Gauntlet |    362 |    362 |      0 |     17 |    135 |   1 |  362.0 |
               +--------+--------+--------+--------+--------+-----+--------+

Top non-repeatable levels by time:
  Lair:5: 1743 daAuts
  Lair:3: 1549 daAuts
 Swamp:1: 1445 daAuts
  Lair:1: 1398 daAuts
    D:11: 1382 daAuts
     D:9: 1313 daAuts
   Orc:2: 1281 daAuts
  Lair:4: 1259 daAuts
   Orc:1: 1238 daAuts
  Lair:2: 1237 daAuts
    D:10: 1194 daAuts
 Swamp:3: 1186 daAuts
     D:2: 1140 daAuts
    D:13: 1069 daAuts
     D:6: 1058 daAuts
